 Dungeon Crawl Stone Soup version 0.27-a0-170-g607d9e9d85 (webtiles) character file.

Game seed: 699218387309006241

5579 sanka the Nimble (level 10, 0/58 HPs)
             Began as a Deep Elf Conjurer on Jan 28, 2021.
             Was a High Priest of Cheibriados.
             Slain by a water moccasin (5 damage)
             ... on level 11 of the Dungeon.
             The game lasted 00:26:22 (11451 turns).

sanka the Nimble (Deep Elf Conjurer)               Turns: 11451, Time: 00:26:22

Health: 0/58       AC:  6    Str: 22    XL:     10   Next: 44%
Magic:  3/24       EV: 25    Int: 39    God:    Cheibriados [*****.]
Gold:   567        SH:  0    Dex: 25    Spells: 9/25 levels left

rFire    . . .     SeeInvis .   F - +1 great sword (freeze)
rCold    . . .     Faith    .   (shield currently unavailable)
rNeg     . . .     Spirit   .   a - +0 robe
rPois    .         Reflect  .   (no helmet)
rElec    .         Harm     .   (no cloak)
rCorr    .         Rampage  .   (no gloves)
Will     +....                  (no boots)
Stlth    +++.......             y - amulet of regeneration
HPRegen  0.59/turn              w - +4 ring of protection
MPRegen  0.19/turn              n - +6 ring of strength

@: mighty, lethally poisoned (0 -> 0), hasted, very slow
A: no striking features
a: Renounce Religion, Bend Time, Temporal Distortion, Slouch, Step From Time


You were on level 11 of the Dungeon.
You worshipped Cheibriados.
Cheibriados was extremely pleased with you.
You visited 2 branches of the dungeon, and saw 10 of its levels.
You also visited: Sewer.

You collected 567 gold pieces.


   Skills:
 + Level 4.5 Fighting
 * Level 12.5 Dodging
 - Level 2.4 Stealth
 - Level 8.0 Spellcasting
 - Level 10.0 Conjurations
 - Level 2.0 Hexes


You had 9 spell levels left.
You knew the following spells:

 Your Spells              Type           Power        Failure   Level
c - Iskenderun's Mystic   Conj/Tloc      53%          3%          4
x - Searing Ray           Conj           100%         1%          2
y - Dazzling Flash        Conj/Hex       100%         1%          3
z - Magic Dart            Conj           100%         1%          1
N - Passwall              Tmut/Erth      12%          3%          2
Z - Fulminant Prism       Conj/Hex       29%          1%          4

Your spell library contained the following spells:

 Spells                   Type           Power        Failure   Level
 Corona                   Hex            34%          1%          1
 Stone Arrow              Conj/Erth      100%         1%          3
 Sandblast                Erth           30%          2%          1
 Ensorcelled Hibernation  Hex/Ice        46%          2%          2
 Confusing Touch          Hex            31%          3%          3
 Tukima's Dance           Hex            31%          3%          3
 Gell's Gravitas          Tloc           7%           7%          3
 Petrify                  Tmut/Erth      15%          22%         4
 Metabolic Englaciation   Hex/Ice        11%          38%         5
 Yara's Violent Unravell  Hex/Tmut       11%          38%         5
 Lee's Rapid Deconstruct  Erth           7%           54%         5

Inventory:

Hand Weapons
 F - a +1 great sword of freezing (weapon)
Missiles
 h - 2 throwing nets {=f}
 C - 37 stones
Armour
 a - a +0 robe (worn)
Jewellery
 g - an uncursed ring of see invisible
 i - an uncursed ring of wizardry
 n - a +6 ring of strength (right hand)
 w - a +4 ring of protection (left hand)
 y - an amulet of regeneration (around neck)
Wands
 o - a wand of polymorph (6)
 u - a wand of digging (3)
 E - a wand of enslavement (13)
Scrolls
 c - a scroll of identify {@r1}
 d - a scroll of fear
 f - a scroll of magic mapping
 m - 5 scrolls of remove curse
 r - 7 scrolls of teleportation {@r4}
 x - 3 scrolls of enchant armour
 A - 4 scrolls of amnesia
 B - a scroll of immolation {!r}
 D - a scroll of silence {unknown}
 H - 2 scrolls of enchant weapon {unknown}
Potions
 b - 2 potions of degeneration {unknown}
 e - 3 potions of ambrosia {unknown}
 j - 2 potions of lignification {unknown}
 k - 2 potions of cancellation {unknown}
 l - a potion of berserk rage {unknown}
 p - 4 potions of heal wounds {@q2}
 q - a potion of haste {@q3}
 s - a potion of magic {unknown}
 t - a potion of curing {unknown}
 v - 2 potions of attraction {unknown}
 z - a potion of might
 I - a potion of invisibility {unknown}

Dungeon Overview and Level Annotations

Branches:
Dungeon (11/15)            Temple (1/1) D:4            Lair (0/6) D:11
  Sewer (visited)
    Orc: D:9-12

Altars:
Ashenzari
Cheibriados
Dithmenos
Elyvilon
Fedhas
Gozag
Hepliaklqana
Makhleb
Nemelex Xobeh
Okawaru
Qazlal
Ru
Sif Muna
Trog
Uskayaw
Vehumet
Wu Jian
Xom
Yredelemnul
Zin
The Shining One

Shops:
D:8 [

Annotations:
D:6 2 transporters
D:11 exclusion: orange crystal statue, Fannar

░░ ▒▒...........░
▒...........░
░░░░▒▒.......▒.,░
░,,,,▒.......▒░░░
░,,,,▒▒...(.▒▒░▒▒▒░░░░░░░░
░,,,,░▒▒...▒▒▒..>.,,,,,,,,
░,.,,,░▒▒.........,,,,,,,,
░,....▒▒▒▒S..e....,,,,,,,,
░,.......eY▒▒▒▒▒▒.,,,,,,,,
░░░░░░░░░▒.▒▒▒▒▒▒▒▒
░,,,,,,,,,
,,,,░,,,,,,,,,,░
░░░░░░░░░░
,,,,░,,,,,,,,,,░
,,,,░,,,,,,,,,,░
░░░░░,,,,,,,,,,░
░,,,,,,,,,,░ ░,,,,,,,,,,░
░,,,,,,,,,,░


You could see Fannar (icy armour), a water moccasin and an ice beast (summoned).


Message History

Fannar mumbles some strange words.
Fannar blinks!
The water moccasin closely misses you.
You miss the water moccasin.
The water moccasin is severely wounded.
You feel sick. The ice beast completely misses you.
You riposte.
You closely miss the ice beast.
The ice beast is heavily wounded.
The water moccasin misses you. The ice beast misses you.
You riposte.
You hit the ice beast.
The ice beast is heavily wounded.
You barely miss the water moccasin.
The water moccasin is severely wounded.
You feel sick. The water moccasin bites you.
* * * LOW HITPOINT WARNING * * *
The water moccasin misses you.
You riposte.
You barely miss the water moccasin.
The water moccasin is severely wounded.
The ice beast barely misses you.
You barely miss the water moccasin.
The water moccasin is severely wounded.
You feel sick. The water moccasin bites you.
You die...

Action                   |  1- 3 |  4- 6 |  7- 9 | 10-12 || total
-------------------------+-------+-------+-------+-------++-------
Melee: Unarmed           |       |       |     3 |       ||     3
       Great sword       |       |       |    38 |    31 ||    69
 Cast: Magic Dart        |    61 |    78 |   350 |    34 ||   523
       Searing Ray       |       |    15 |    43 |    11 ||    69
       Fulminant Prism   |       |       |     2 |     4 ||     6
Evoke: Wand              |       |       |     1 |       ||     1
  Use: Scroll            |       |       |    10 |     1 ||    11
       Potion            |       |       |       |     3 ||     3
Armor: Robe              |     1 |     1 |    35 |     9 ||    46
Dodge: Dodged            |     2 |    14 |   203 |   104 ||   323
       Rpst.: Great sword |       |       |    42 |    34 ||    76

Levels and vault maps discovered:
D:1:      lightli_arrival_isolated_outpost, layout_loops_ring,
          kennysheep_another_room, minmay_pentomino_s4
D:2:      layout_basic, lemuel_doored_altar, fedhas_altar_1,
          lemuel_crystal_altar, chequers_serial_rivers_small_3,
          due_unseen_surprise
D:3:      layout_rooms, pdpol_temple_overflow_zin_treasury_gozag_greed,
          cheibrodos_sewer_entry_drain, minmay_between, uniq_ijyb
D:4:      layout_cave_pools, minmay_temple_entry_steel_oval,
          nicolae_ossuary_entry_giza
D:5:      layout_loops_ring, overflow_temple_1_default, kennysheep_potato
D:6:      minmay_goblin_kobold_castle, layout_loops_ring, marbit_many_paths,
          gammafunk_temple_overflow_arena, hellmonk_ghost_happy_afterlife,
          minmay_misc_feat_doors, minmay_fire_ice_demons, uniq_blork_the_orc
D:7:      layout_loops_ring, nicolae_overflow_crystal_walls, enter_bailey_5,
          nrook_pool_corridor, tgw_sif
D:8:      minmay_the_grid_triangle_9x9_rhombus_full
          [minmay_the_grid_triangle_9x9_corruption,
          minmay_the_grid_triangle_9x9_negative_grid,
          minmay_the_grid_triangle_9x9_thin_v,
          minmay_the_grid_triangle_9x9_limited_checkers,
          minmay_the_grid_triangle_9x9_zippers_horizontal,
          minmay_the_grid_triangle_9x9_wacky_v,
          minmay_the_grid_triangle_9x9_descending_squares,
          minmay_the_grid_triangle_9x9_prize_schism], layout_cave_pools,
          nemelex_xobeh_ov_fountains_minmay, xom_confusion_cloud, serial_shops,
          kennysheep_little_box, shop, shop
D:11:     layout_basic, david_lair_generic, basic_altar, gauntlet_entry_generic,
          minivault_16, uniq_psyche, uniq_josephine, uniq_fannar
Temple:   compressed_dpeg_triangle_lava_temple

Notes
Turn   | Place    | Note
-------+----------+-------------------------------------------
     0 | D:1      | sanka the Deep Elf Conjurer began the quest for the Orb.
     0 | D:1      | Reached XP level 1. HP: 10/10 MP: 6/6
   350 | D:1      | Reached XP level 2. HP: 15/15 MP: 6/8
   373 | D:1      | Learned a level 2 spell: Searing Ray
   375 | D:1      | Reached skill level 5 in Conjurations
   607 | D:1      | Reached XP level 3. HP: 19/19 MP: 7/9
  1080 | D:1      | Learned a level 3 spell: Dazzling Flash
  1094 | D:2      | Found a stormy altar of Qazlal.
  1218 | D:2      | Found a hide-covered altar of Uskayaw.
  1483 | D:2      | Reached XP level 4. HP: 24/24 MP: 4/11
  1584 | D:2      | Reached skill level 4 in Spellcasting
  1852 | D:3      | Noticed Ijyb
  1871 | D:3      | Killed Ijyb
  1872 | D:3      | Reached skill level 6 in Conjurations
  2041 | D:3      | Found a glowing drain.
  2065 | Sewer    | Entered a sewer
  2120 | Sewer    | Reached XP level 5. HP: 27/28 MP: 1/14
  2396 | Sewer    | Reached skill level 5 in Spellcasting
  2668 | Sewer    | Reached skill level 7 in Conjurations
  2668 | Sewer    | Reached XP level 6. HP: 12/32 MP: 10/16
  2873 | Sewer    | Learned a level 4 spell: Fulminant Prism
  3029 | Sewer    | Reached skill level 6 in Spellcasting
  3175 | Sewer    | Learned a level 4 spell: Iskenderun's Mystic Blast
  3369 | Sewer    | Reached skill level 7 in Spellcasting
  3369 | Sewer    | Reached XP level 7. HP: 36/36 MP: 12/19
  3638 | D:3      | Reached skill level 8 in Conjurations
  4139 | D:2      | Found a blossoming altar of Fedhas.
  4504 | D:3      | Found a glowing silver altar of Zin.
  4634 | D:3      | Found an opulent altar of Gozag.
  4819 | D:4      | Reached skill level 8 in Spellcasting
  4838 | D:4      | Reached skill level 3 in Dodging
  5160 | D:4      | Reached skill level 4 in Dodging
  5160 | D:4      | Reached XP level 8. HP: 40/41 MP: 13/22
  5806 | D:4      | Reached skill level 1 in Hexes
  6052 | D:4      | Found a staircase to the Ecumenical Temple.
  6212 | Temple   | Entered the Ecumenical Temple
  6459 | Temple   | Became a worshipper of Cheibriados the Contemplative
  6515 | D:4      | Reached skill level 5 in Dodging
  6561 | D:5      | Entered Level 5 of the Dungeon
  6737 | D:5      | Learned a level 2 spell: Passwall
  6845 | D:2      | Reached skill level 9 in Conjurations
  7079 | D:5      | Reached skill level 2 in Hexes
  7369 | D:5      | Found a glowing golden altar of the Shining One.
  7428 | D:5      | Reached skill level 6 in Dodging
  7864 | D:6      | Reached * piety under Cheibriados
  7865 | D:6      | Reached skill level 7 in Dodging
  8332 | D:6      | Found a transporter.
  8337 | D:6      | Found a transporter.
  8341 | D:6      | Noticed a freezing wraith
  8344 | D:6      | Found a shadowy altar of Dithmenos.
  8369 | D:6      | Noticed psellion's ghost (novice DrIE)
  8371 | D:6      | Found a runed translucent door.
  8377 | D:6      | Noticed Blork the orc
  8381 | D:6      | Killed Blork the orc
  8463 | D:6      | Found a bloodstained altar of Trog.
  8548 | D:6      | Reached XP level 9. HP: 41/45 MP: 16/23
  8600 | D:6      | Reached skill level 8 in Dodging
  8952 | D:6      | Reached ** piety under Cheibriados
  9019 | D:6      | Reached skill level 10 in Conjurations
  9336 | D:6      | Reached *** piety under Cheibriados
  9438 | D:6      | Reached skill level 9 in Dodging
  9708 | D:6      | Killed psellion's ghost
  9709 | D:6      | Reached skill level 1 in Fighting
 10025 | D:7      | Reached skill level 2 in Fighting
 10034 | D:7      | Reached skill level 10 in Dodging
 10061 | D:7      | Found a shimmering blue altar of Sif Muna.
 10103 | D:7      | Found a basalt altar of Yredelemnul.
 10284 | D:7      | Reached **** piety under Cheibriados
 10458 | D:7      | Reached skill level 3 in Fighting
 10552 | D:7      | Reached skill level 11 in Dodging
 10983 | D:8      | Reached XP level 10. HP: 48/56 MP: 14/24
 11063 | D:8      | Found Tiofan's Antique Armour Emporium.
 11184 | D:8      | Found a sparkling altar of Nemelex Xobeh.
 11325 | D:8      | Found a shimmering altar of Xom.
 11332 | D:11     | Found a staircase to the Lair.
 11366 | D:11     | Reached ***** piety under Cheibriados
 11384 | D:11     | Noticed an orange crystal statue
 11405 | D:11     | Reached skill level 4 in Fighting
 11408 | D:11     | Reached skill level 12 in Dodging
 11425 | D:11     | Noticed Fannar
 11450 | D:11     | HP: 5/58 [water moccasin (4)]
 11451 | D:11     | Slain by a water moccasin

Vanquished Creatures
  The ghost of psellion the Caller, a novice DrIE of Vehumet (D:6)
  A yak (D:11)
  A wyvern (D:11)
  A wraith (D:11)
  2 basilisks (D:11)
  3 ice beasts
  A phantom (D:11)
  An orc warrior (D:7)
  4 ogres
  6 centaurs
  Blork the orc (D:6)
  12 big kobolds
  3 bullfrogs
  A wyvern zombie (D:8)
  A scorpion (D:8)
  3 killer bees (D:8)
  7 wights
  4 electric eels
  2 howler monkeys (D:7)
  A crimson imp (D:6)
  2 bullfrog skeletons
  A bullfrog zombie (D:8)
  5 orc priests
  4 jellies
  4 hounds
  4 iguanas
  Ijyb (D:3)
  5 orc wizards
  4 worker ants
  A hound zombie (D:8)
  2 hound skeletons
  A mummy (D:4)
  5 gnolls
  4 river rats (Sewer)
  9 adders
  4 white imps
  6 oozes
  An adder zombie (D:8)
  An adder skeleton (D:5)
  10 worms
  3 dart slugs (D:3)
  12 leopard geckos
  18 orcs
  3 ball pythons
  9 giant cockroaches
  10 goblins
  15 hobgoblins
  16 jackals
  12 quokkas
  7 bats
  4 frilled lizards
  A goblin zombie (D:4)
  A hobgoblin zombie (D:4)
  68 kobolds
  A quokka skeleton (D:7)
  9 rats
319 creatures vanquished.

Vanquished Creatures (others)
  A centaur (D:8)
  An iguana (D:8)
  An adder (D:8)
  An orc (D:8)
  A quokka (D:8)
  6 fulminant prisms
  A fungus (D:11)
  5 plants
17 creatures vanquished.

Grand Total: 336 creatures vanquished
